[Event "*** Qualifier 4: Titled Tuesday 3|2 Blitz"]
[Site "Chess.com"]
[Date "2017.04.25"]
[Round "8"]
[White "theprosecution1"]
[Black "rasmussvane"]
[Result "1-0"]
[WhiteElo "2608"]
[BlackElo "2520"]
[TimeControl "180+2"]
[EndTime "14:43:48 PDT"]
[Termination "theprosecution1 won by resignation"]

1. d4 Nf6 2. Nf3 d5 3. c4 e6 4. Nc3 c6 5. Qb3 dxc4 6. Qxc4 b5 7. Qd3 a6 8. e4 c5 9. e5 Nd5 10. Bg5 Qb6 11. Nxd5 exd5 12. Be2 c4 13. Qd2 Nc6 14. O-O h6 15. Bh4 Be6 16. a4 b4 17.
Rfd1 Be7 18. Bxe7 Nxe7 19. a5 Qb7 20. h3 O-O 21. Nh2 Rfc8 22. Qf4 Qc7 23. Ng4 Ng6 24. Qg3 c3 25. bxc3 Qxc3 26. Bd3 b3 27. Rab1 Rc6 28. Kh2 Rb8 29. f4 Ne7 30. Nxh6+ Kf8 31. f5 gxh6 32.
fxe6 Rxe6 33. Qf4 Ng6 34. Qxh6+ Ke7 35. Bf5 Rc6 36. Qg5+ Kf8 37. e6 Re8 38. Rdc1 Qxd4 39. Rxc6 Qe5+ 40. Kh1 Ne7 41. Qh6+ 1-0

[Event "*** Qualifier 4: Titled Tuesday 3|2 Blitz"]
[Site "Chess.com"]
[Date "2017.04.25"]
[Round "8"]
[White "Makalexa"]
[Black "GM_Huschenbeth"]
[Result "0-1"]
[WhiteElo "2200"]
[BlackElo "2367"]
[TimeControl "180+2"]
[EndTime "14:43:55 PDT"]
[Termination "GM_Huschenbeth won by resignation"]

1. e4 c5 2. Nf3 d6 3. d4 cxd4 4.
Nxd4 Nf6 5. Nc3 a6 6. Be3 e6 7. f3 b5 8. g4 Bb7 9. g5 Nfd7 10. a3 Nb6 11. Qd2 N8d7 12. O-O-O Ne5 13. b3 Rc8 14. Kb2 b4 15. axb4 d5 16. Nxd5 exd5 17. f4 Ng4 18. exd5 Nxd5 19. Bg1 Bxb4 20. Qe2+ Qe7 21. Qxg4 Bc3+ 22.
Ka2 Qb4 23. Nc6 Rxc6 24. Rxd5 O-O 25. Bd3 Rcc8 26. Qf5 g6 27. Bc5 Rxc5 28. Rxc5 gxf5 29. Rxf5 Bxh1 30. g6 hxg6 31. Rd5 Bxd5 0-1

[Event "*** Qualifier 4: Titled Tuesday 3|2 Blitz"]
[Site "Chess.com"]
[Date "2017.04.25"]
[Round "8"]
[White "Marcus_Harvey"]
[Black "swayamsm"]
[Result "0-1"]
[WhiteElo "2499"]
[BlackElo "2434"]
[TimeControl "180+2"]
[EndTime "14:43:56 PDT"]
[Termination "swayamsm won by resignation"]

1. e4 e5 2. Nf3 Nc6 3. d4 exd4 4.
Bc4 Nf6 5. O-O Nxe4 6. Re1 d5 7.
Bxd5 Qxd5 8. Nc3 Qa5 9. Nxe4 Be6 10. Neg5 O-O-O 11. Nxe6 fxe6 12. Rxe6 Qd5 13. Qe2 h6 14. a3 Bc5 15. Bd2 Rhf8 16. Re1 d3 17.
cxd3 Rxf3 18. Qxf3 Qxf3 19. gxf3 Nd4 20. Rg6 Nxf3+ 21.
Kg2 Nxd2 22. Rxg7 Bd4 23. Rg6 Bxb2 24. Rd1 Nc4 25. Rxh6 Bxa3 26. h4 Ne5 27. d4 Rg8+ 28. Kf1 Ng4 29. Rh7 Rf8 30. Rd2 Bb4 31. Re2 Bc3 32. d5 Bd4 33. Kg2 Bxf2 34. Rg7 Ne3+ 35. Kh3 Rf3+ 36. Kh2 Bxh4 37. d6 Bg3+ 38. Rxg3 Nf1+ 39.
Kg2 Rxg3+ 40. Kxf1 cxd6 41. Re7 Rc3 42. Ke2 Rc7 43.
Re8+ Kd7 44. Ra8 b5 45. Kd3 Kc6 46. Kc3 Kb7+ 0-1

[Event "*** Qualifier 4: Titled Tuesday 3|2 Blitz"]
[Site "Chess.com"]
[Date "2017.04.25"]
[Round "8"]
[White "1stSecond"]
[Black "dolynachess"]
[Result "0-1"]
[WhiteElo "2493"]
[BlackElo "2382"]
[TimeControl "180+2"]
[EndTime "14:43:57 PDT"]
[Termination "dolynachess won by resignation"]

1. Nf3 Nf6 2. g3 c5 3. Bg2 g6 4. O-O Nc6 5. d4 cxd4 6. Nxd4 Nxd4 7. Qxd4 d6 8. Nc3 Bg7 9. Qh4 O-O 10. Bh6 Qa5 11. Bxg7 Kxg7 12. Rad1 Be6 13. Qd4 Rac8 14. e4 Rc4 15. Qd2 Rfc8 16. h3 b5 17. a3 Qb6 18. Kh2 a5 19. Qe1 b4 20. axb4 axb4 21.
Nd5 Bxd5 22. exd5 Rxc2 23. Qxe7 Rxf2 24. Rxf2 Qxf2 25. Rf1 Qd4 26. Qxd6 Rc2 27. Kh1 Qxb2 28. Rg1 Qd4 29. Rf1 b3 30. Rf4 Qb2 31. Bf1 Rf2 32.
Kg1 Rxf4 33. gxf4 Qd4+ 34. Kg2 Nxd5 35. Qxd5 Qxd5+ 0-1

[Event "*** Qualifier 4: Titled Tuesday 3|2 Blitz"]
[Site "Chess.com"]
[Date "2017.04.25"]
[Round "8"]
[White "woodhy"]
[Black "scrapnel"]
[Result "1/2-1/2"]
[WhiteElo "2401"]
[BlackElo "2471"]
[TimeControl "180+2"]
[EndTime "14:43:59 PDT"]
[Termination "Game drawn by repetition"]

1. e4 c5 2. Nf3 d6 3. d4 cxd4 4. Nxd4 Nf6 5. f3 Nc6 6. Be3 Qb6 7. b3 g6 8. c4 Qa5+ 9. Qd2 Qxd2+ 10. Nxd2 Bg7 11.
Nxc6 bxc6 12. Bd4 O-O 13. Rc1 a5 14. Be2 Nd7 15. Be3 Nc5 16. Kf2 f5 17. exf5 Bxf5 18. Rhe1 Nd3+ 19. Bxd3 Bxd3 20. Bg5 Bb2 21. Rcd1 Rf5 22.
Bxe7 Bc2 23. Ne4 Bxd1 24. Rxd1 d5 25. Nd6 Re5 26. Bf6 Re6 27. Bxb2 Rxd6 28. Be5 Re6 29. f4 dxc4 30. bxc4 Ra7 31. Rd8+ Kf7 32. Rh8 Ree7 33. Rxh7+ Ke6 34. Rh6 Kf7 35. Rh7+ Ke6 36. Rh6 Kf7 37. Kf3 a4 38. Rh7+ Ke6 39. Rh6 Kf7 40.
Rh7+ Ke6 41. Rh6 Kf7 1/2-1/2

[Event "*** Qualifier 4: Titled Tuesday 3|2 Blitz"]
[Site "Chess.com"]
[Date "2017.04.25"]
[Round "8"]
[White "FearlessKing64"]
[Black "LonesomeGeorge1"]
[Result "0-1"]
[WhiteElo "2096"]
[BlackElo "2214"]
[TimeControl "180+2"]
[EndTime "14:44:04 PDT"]
[Termination "LonesomeGeorge1 won by checkmate"]

1. e4 e5 2. Nf3 Nc6 3. Bc4 Be7 4.
d4 d6 5. h3 Nf6 6. Nc3 O-O 7.
O-O Kh8 8. a4 Nxe4 9. Nxe4 d5 10. Bb3 dxe4 11. Nxe5 Nxe5 12. dxe5 Bf5 13. Bf4 Bc5 14.
Qe2 c6 15. a5 Qe7 16. Rad1 Rad8 17. Rxd8 Rxd8 18. Rd1 h6 19. Rxd8+ Qxd8 20. Bxf7 Qxa5 21. c3 g5 22. Qh5 Kg7 23. e6 gxf4 24. Kh2 Bxf2 25.
g4 fxg3+ 26. Kg2 e3 27. e7 Be4+ 28. Kf1 Qa1+ 29. Ke2 Qxb2+ 30. Kd1 Qd2# 0-1

[Event "*** Qualifier 4: Titled Tuesday 3|2 Blitz"]
[Site "Chess.com"]
[Date "2017.04.25"]
[Round "8"]
[White "gumersindo"]
[Black "Rodalquilar"]
[Result "0-1"]
[WhiteElo "2277"]
[BlackElo "2543"]
[TimeControl "180+2"]
[EndTime "14:44:05 PDT"]
[Termination "Rodalquilar won by resignation"]

1. d4 Nf6 2. c4 e6 3. Nc3 Bb4 4.
Qc2 O-O 5. a3 Bxc3+ 6. Qxc3 d5 7. Bg5 dxc4 8. Qxc4 b6 9. Rd1 Ba6 10. Qa4 Qd7 11. Qxd7 Nbxd7 12. e3 Bxf1 13. Kxf1 Rac8 14. Bxf6 Nxf6 15. Ne2 c5 16. dxc5 Rxc5 17. Nc3 b5 18. Ke2 a5 19. Rc1 Rg5 20. g3 Rf5 21. f4 Rh5 22. h3 Rb8 23. g4 Rc5 24. Na2 Rd5 25.
Rhd1 h6 26. Nc3 Rc5 27. Na2 Rxc1 28. Rxc1 g5 29. fxg5 hxg5 30. Rc5 Nd5 31. Nc3 Nxc3+ 32. Rxc3 Kg7 33. Rc5 Kg6 34. Kf3 a4 35. e4 b4 36.
axb4 Rxb4 37. Rc2 Kf6 38. Ke3 Rb3+ 39. Kd4 Rxh3 40. e5+ Kg6 41. Kc5 Re3 42. Kd4 Rg3 0-1

[Event "*** Qualifier 4: Titled Tuesday 3|2 Blitz"]
[Site "Chess.com"]
[Date "2017.04.25"]
[Round "8"]
[White "Gordima"]
[Black "NMJeevanK"]
[Result "1-0"]
[WhiteElo "2508"]
[BlackElo "2404"]
[TimeControl "180+2"]
[EndTime "14:44:06 PDT"]
[Termination "Gordima won by checkmate"]

1. e4 e5 2. Nf3 Nc6 3. Bb5 a6 4.
Ba4 Nf6 5. Qe2 b5 6. Bb3 Be7 7. O-O d6 8. c3 O-O 9. Rd1 Be6 10. Bxe6 fxe6 11. d4 exd4 12. cxd4 Qe8 13. a4 Qg6 14.
axb5 axb5 15. Rxa8 Rxa8 16. Qxb5 Qxe4 17. Nc3 Na7 18.
Qb3 Qg6 19. Ng5 d5 20. Qb7 Qe8 21. Nxe6 Bd6 22. Nxc7 Bxc7 23. Qxc7 Qh5 24. Re1 Ng4 25.
Bf4 Rf8 26. f3 Nf6 27. Qxa7 Qg6 28. Qe7 Re8 29. Nxd5 Ra8 30. Qxf6 gxf6 31. Ne7+ Kf7 32.
Nxg6 hxg6 33. Bd2 Ra4 34. Bc3 g5 35. Kf2 Kg6 36. d5 Kf5 37. d6 Ra6 38. Rd1 g4 39.
fxg4+ Kf4 40. Bxf6 Ra2 41. Rd4# 1-0

[Event "*** Qualifier 4: Titled Tuesday 3|2 Blitz"]
[Site "Chess.com"]
[Date "2017.04.25"]
[Round "8"]
[White "Beca95"]
[Black "VMikhalevski"]
[Result "1-0"]
[WhiteElo "2686"]
[BlackElo "2553"]
[TimeControl "180+2"]
[EndTime "14:44:08 PDT"]
[Termination "Beca95 won by resignation"]

1. d4 Nf6 2. c4 g6 3. Nc3 d5 4.
Nf3 Bg7 5. Qb3 dxc4 6. Qxc4 O-O 7. e4 a6 8. e5 b5 9. Qb3 Nfd7 10. e6 fxe6 11. Be3 Nf6 12. h4 Nc6 13. O-O-O Qd6 14. Kb1 b4 15. Na4 Na5 16. Qc2 Bb7 17. Nc5 Bd5 18.
Ne5 Nb7 19. Nc4 Qd8 20. h5 gxh5 21. f3 Nxc5 22. dxc5 Qe8 23. Ne5 a5 24. Bc4 a4 25.
Qe2 b3 26. a3 Kh8 27. Bd4 c6 28. Bd3 Rd8 29. Rh4 Rg8 30. Rdh1 Be4 31. Rxe4 Bh6 32.
Reh4 Bg5 33. Rxh5 Rg7 34. Rxh7+ Nxh7 35. Ng6+ Kg8 36. Bxg7 Kxg7 37. Nf4 Nf6 38. Nxe6+ 1-0

[Event "*** Qualifier 4: Titled Tuesday 3|2 Blitz"]
[Site "Chess.com"]
[Date "2017.04.25"]
[Round "8"]
[White "GamayevOleg"]
[Black "ruvat"]
[Result "1-0"]
[WhiteElo "2331"]
[BlackElo "2227"]
[TimeControl "180+2"]
[EndTime "14:44:09 PDT"]
[Termination "GamayevOleg won by resignation"]

1. d3 d5 2. e4 dxe4 3. dxe4 Qxd1+ 4. Kxd1 e5 5. Nf3 f6 6. Nfd2 Bc5 7. f3 Be6 8. c3 a5 9. a4 Nd7 10. Bc4 Kf7 11. Bxe6+ Kxe6 12. Nb3 Bb6 13. Na3 Nc5 14. Nxc5+ Bxc5 15. Nc4 Ne7 16. Kc2 h5 17. Bd2 Nc6 18.
Rad1 Rhd8 19. Bc1 Ke7 20. Rxd8 Rxd8 21. Rd1 Rxd1 22. Kxd1 g6 23. h3 Ke6 24. Ke2 b6 25. Kd3 Nd8 26. Bd2 Nc6 27. Be1 f5 28. Bh4 Bg1 29.
b3 Bc5 30. Nb2 Ba3 31. Nc4 Bc5 32. Kc2 Bg1 33. Kd3 Bc5 34. Kd2 Bg1 35. Na3 Bc5 36.
Nc2 Kd7 37. Kd3 Ke6 38. Kc4 Nb8 39. b4 axb4 40. cxb4 Bg1 41. Ne1 c6 42. Nd3 Bd4 43. b5 cxb5+ 44. Kxb5 Be3 45. Bd8 Nd7 46. Kc6 fxe4 47.
fxe4 Bd4 48. Bc7 Be3 49. Nb4 g5 50. Nd5 Bd2 51. g4 hxg4 52. hxg4 Be1 53. Bxb6 Nxb6 54.
Kxb6 Kd6 55. Kb5 Bd2 56. Nb6 Be1 57. Nc4+ Ke6 58. a5 Bf2 59. a6 Bd4 60. Nb6 1-0

[Event "*** Qualifier 4: Titled Tuesday 3|2 Blitz"]
[Site "Chess.com"]
[Date "2017.04.25"]
[Round "8"]
[White "MyleneFarmer"]
[Black "Iball95"]
[Result "0-1"]
[WhiteElo "2342"]
[BlackElo "2534"]
[TimeControl "180+2"]
[EndTime "14:44:26 PDT"]
[Termination "Iball95 won by resignation"]

1. d4 Nf6 2. c4 e6 3. Nf3 d5 4. g3 Bb4+ 5. Bd2 Be7 6. Bg2 O-O 7.
O-O Nbd7 8. Qc2 Ne4 9. Nc3 Nxd2 10. Nxd2 c6 11. e4 dxe4 12. Ndxe4 Qc7 13. Rfe1 e5 14. d5 f5 15. d6 Bxd6 16. Nxd6 Qxd6 17. Rad1 Qc7 18.
Qd2 Nf6 19. Qd6 Qxd6 20. Rxd6 Re8 21. Na4 Rb8 22. Nc5 Kf7 23. b3 e4 24. h3 b6 25. Na4 Re6 26. Rd8 Re8 27. Rd6 Bb7 28. Red1 Ke7 29. c5 b5 30. Nc3 Rbd8 31. f3 Rxd6 32.
Rxd6 b4 33. Na4 e3 34. Kf1 g5 35. f4 gxf4 36. gxf4 Nh5 37. Bxc6 Bxc6 38. Rxc6 Nxf4 39. Ra6 e2+ 40. Ke1 Kf7 41. Rxa7+ Kg6 42. Ra6+ Kh5 43. Nb2 Ng2+ 44. Kf2 e1=Q+ 45. Kxg2 Re2+ 0-1

[Event "*** Qualifier 4: Titled Tuesday 3|2 Blitz"]
[Site "Chess.com"]
[Date "2017.04.25"]
[Round "8"]
[White "WeiYi1999"]
[Black "stepanosinovsky"]
[Result "1-0"]
[WhiteElo "2084"]
[BlackElo "2241"]
[TimeControl "180+2"]
[EndTime "14:44:39 PDT"]
[Termination "WeiYi1999 won on time"]

1. e4 e5 2. Nf3 Nc6 3. Bc4 Nf6 4. Ng5 d5 5. exd5 Na5 6. Bb5+ c6 7. dxc6 bxc6 8. Qf3 Be7 9. Bd3 O-O 10. O-O Bg4 11. Qg3 c5 12. Nxh7 Qd7 13. Nxf8 Rxf8 14.
f3 c4 15. fxg4 cxd3 16. Qxd3 Qxg4 17. Nc3 Nc6 18. Qf3 Qh4 19. Qxc6 Bd8 20. Nd1 Bb6+ 21.
Ne3 e4 22. Rxf6 gxf6 23. Kf1 f5 24. b3 Qxh2 25. Bb2 Rd8 26. Ke2 Bxe3 27. Kxe3 Qg3+ 28. Ke2 Qxg2+ 29. Ke1 Qg1+ 30. Ke2 Qg2+ 31. Ke1 Qh1+ 32. Kf2 1-0

[Event "*** Qualifier 4: Titled Tuesday 3|2 Blitz"]
[Site "Chess.com"]
[Date "2017.04.25"]
[Round "8"]
[White "nonscitis"]
[Black "Alex_Molchanov"]
[Result "0-1"]
[WhiteElo "2345"]
[BlackElo "2436"]
[TimeControl "180+2"]
[EndTime "14:44:40 PDT"]
[Termination "Alex_Molchanov won on time"]

1. d4 Nf6 2. c4 e6 3. Nf3 b6 4. a3 Bb7 5. Nc3 Be7 6. d5 O-O 7. e4 exd5 8. cxd5 Re8 9. Bd3 c6 10. O-O cxd5 11. exd5 d6 12. Bf4 Nbd7 13.
Rc1 h6 14. Bc4 Rc8 15. Ba2 Nc5 16. Nd4 Bf8 17. Nc6 Bxc6 18. dxc6 Rxc6 19. b4 Ne6 20. Be3 Qc8 21. Qd2 Ng4 22. b5 Rc7 23. Nd5 Rxc1 24. Rxc1 Qd7 25. Bxh6 Nxh6 26. Qxh6 Qxb5 27. Qh5 Qb2 28. Re1 Qxa2 29. h3 Qc2 30. Re3 Qg6 31. Qe2 Nd4 32. Qd2 Rxe3 33. fxe3 Nf3+ 0-1

[Event "*** Qualifier 4: Titled Tuesday 3|2 Blitz"]
[Site "Chess.com"]
[Date "2017.04.25"]
[Round "8"]
[White "hansen"]
[Black "yurisolo"]
[Result "1-0"]
[WhiteElo "2653"]
[BlackElo "2489"]
[TimeControl "180+2"]
[EndTime "14:44:41 PDT"]
[Termination "hansen won by resignation"]

1. e4 c5 2. Nf3 e6 3. d4 cxd4 4. Nxd4 Nc6 5. Nc3 d6 6. g4 a6 7. g5 h6 8. g6 Nf6 9. gxf7+ Kxf7 10. Nxc6 bxc6 11. e5 Nd5 12. Qf3+ Kg8 13. Rg1 Nxc3 14. Qxc3 dxe5 15. Qxe5 Qd5 16. Bf4 g5 17. Rd1 Qxe5+ 18. Bxe5 Rh7 19. h4 Rd7 20. hxg5 Rxd1+ 21. Kxd1 hxg5 22.
Rxg5+ Kf7 23. Bc4 Bd7 24. f4 Bh6 25. Rf5+ Ke7 26. Rh5 Bf8 27. Rh7+ Ke8 28. Bf6 Bd6 29. Rh8+ Bf8 30. Bg7 Kf7 31. Rxf8+ Rxf8 32. Bxf8 Kxf8 33. Bxa6 Ke7 34. Kd2 Kd6 35. Kc3 Kd5 36. Bd3 c5 37. b3 e5 38. fxe5 Kxe5 39. Kc4 Kd6 40. Be4 Bc8 41.
Kb5 Bd7+ 42. Kb6 Be6 43. c4 Bg4 44. a4 Bd1 45. a5 Bxb3 46. a6 Bxc4 47. a7 Bd5 48. Bxd5 1-0

[Event "*** Qualifier 4: Titled Tuesday 3|2 Blitz"]
[Site "Chess.com"]
[Date "2017.04.25"]
[Round "8"]
[White "bugsbunny444"]
[Black "DiogenesSinopeus"]
[Result "1-0"]
[WhiteElo "2362"]
[BlackElo "2250"]
[TimeControl "180+2"]
[EndTime "14:44:42 PDT"]
[Termination "bugsbunny444 won by resignation"]

1. Nf3 Nf6 2. c4 e6 3. g3 a6 4. b3 c5 5. Bg2 b5 6. Nc3 Qb6 7. O-O Bb7 8. e3 Be7 9. Qe2 Ne4 10.
Nxe4 Bxe4 11. d3 Bb7 12. e4 d6 13. Bb2 O-O 14. h4 Nd7 15. Ng5 h6 16. Nh3 Bf6 17.
Bxf6 Nxf6 18. Nf4 e5 19. Nh5 Qd8 20. f4 Qe7 21. Bh3 Nxh5 22. Qxh5 f6 23. Bf5 Bc8 24.
Bg6 Be6 25. f5 Bf7 26. g4 Bxg6 27. fxg6 b4 28. Rf5 a5 29. Raf1 a4 30. g5 fxg5 31.
hxg5 Rxf5 32. Rxf5 Rf8 33. gxh6 gxh6 34. Qxh6 Qg7 35.
Qxg7+ Kxg7 36. Rxf8 Kxf8 37. bxa4 d5 38. exd5 Kg7 39. a5 1-0

[Event "*** Qualifier 4: Titled Tuesday 3|2 Blitz"]
[Site "Chess.com"]
[Date "2017.04.25"]
[Round "8"]
[White "pastouche06"]
[Black "IIIlllII1llIl"]
[Result "0-1"]
[WhiteElo "2333"]
[BlackElo "2549"]
[TimeControl "180+2"]
[EndTime "14:44:49 PDT"]
[Termination "IIIlllII1llIl won by resignation"]

1. c4 e6 2. Nc3 d5 3. d4 Nf6 4. cxd5 exd5 5. Bg5 c6 6. e3 h6 7. Bh4 Bd6 8. Bd3 Nbd7 9. Nge2 O-O 10. f3 Qb6 11. Qd2 c5 12. O-O cxd4 13. Nxd4 Re8 14.
Bf2 a6 15. Rac1 Ne5 16. Be2 Nc4 17. Nxd5 Bxh2+ 18. Kh1 Nxd5 19. Bxc4 Bb8 20. Nf5 Bxf5 21. Qxd5 Be6 22. Qh5 Bxc4 23. Rxc4 Qxb2 24. Rg4 Qf6 25. Bh4 Re5 26. Bxf6 Rxh5+ 27. Kg1 g6 28. Rd1 Ba7 29. Rd7 Bxe3+ 30. Kf1 Rf5 31. Bb2 b5 32. Re4 Bg5 33. Ra7 Rc8 34. Rc7 Rd8 35. Rd7 Kh7 36.
Rxd8 Bxd8 37. g4 Rxf3+ 38. Kg2 Rd3 39. Re8 Rd2+ 40. Kf3 Rxb2 41. Rxd8 Rxa2 42. Rd7 Kg7 43. Ra7 Ra4 0-1

[Event "*** Qualifier 4: Titled Tuesday 3|2 Blitz"]
[Site "Chess.com"]
[Date "2017.04.25"]
[Round "8"]
[White "Hikaru"]
[Black "SergeiAza"]
[Result "1/2-1/2"]
[WhiteElo "2932"]
[BlackElo "2685"]
[TimeControl "180+2"]
[EndTime "14:44:50 PDT"]
[Termination "Game drawn by repetition"]

1. b3 e5 2. Bb2 Nc6 3. e3 Nf6 4. c4 d5 5. cxd5 Nxd5 6. Bb5 Bd6 7.
Nc3 Nxc3 8. Bxc6+ bxc6 9. dxc3 O-O 10. Qf3 a5 11. Ne2 a4 12. O-O Rb8 13. b4 Ba6 14. e4 Qf6 15. Qxf6 gxf6 16. Rfe1 Rfd8 17. Ng3 Bc4 18. a3 Bf8 19. Nf1 c5 20. Ne3 Bb3 21. Ng4 Kg7 22. Bc1 Kg6 23. h4 h5 24. Ne3 cxb4 25.
axb4 c5 26. bxc5 Bxc5 27. Ba3 Bxa3 28. Rxa3 Rd3 29. c4 Rbd8 30. Rc1 R3d4 31. f3 Rd3 32. Nd5 Kg7 33. c5 Rd4 34. Ne7 Rd1+ 35. Rxd1 Rxd1+ 36. Kf2 Rc1 37. c6 Kf8 38. Nf5 Rxc6 39. Ra1 Ra6 40. Ra3 Rc6 41. Ra1 Ra6 42. Ra3 Rc6 43. Ra1 Ra6 44. Ra3 Rc6 45. Ra1 Ra6 1/2-1/2

[Event "*** Qualifier 4: Titled Tuesday 3|2 Blitz"]
[Site "Chess.com"]
[Date "2017.04.25"]
[Round "8"]
[White "Alexander_Moskalenko"]
[Black "Indianlad"]
[Result "1-0"]
[WhiteElo "2654"]
[BlackElo "2697"]
[TimeControl "180+2"]
[EndTime "14:44:59 PDT"]
[Termination "Alexander_Moskalenko won on time"]

1. e4 c5 2. Nc3 a6 3. f4 b5 4. Nf3 Bb7 5. d4 cxd4 6. Nxd4 b4 7.
Nd5 e6 8. Ne3 Bxe4 9. Be2 Bc5 10.
O-O Nf6 11. c3 Nc6 12. Kh1 bxc3 13. bxc3 O-O 14. f5 e5 15. Nb3 Ba7 16. Ng4 Nxg4 17. Bxg4 Kh8 18. Bf3 Bxf3 19. Qxf3 d5 20. f6 Qxf6 21.
Qxf6 gxf6 22. Rxf6 Nd8 23. Bh6 Rg8 24. Re1 Bb8 25. Rd1 d4 26. cxd4 exd4 27. Nxd4 Ra7 28. Nf3 Ne6 29. h4 Rg6 30. Bg5 Kg7 31. Rxg6+ hxg6 32. Rb1 Bg3 33. Kg1 Rd7 34. Be3 Rd3 35. Bf2 Bxf2+ 36. Kxf2 Ra3 37. Rb2 Nf4 38. Rc2 Nd3+ 39. Kg3 Ne5 40. Kf4 Nd3+ 41. Ke4 a5 42. Ng5 f5+ 43. Kd4 Kh6 44. g4 1-0

[Event "*** Qualifier 4: Titled Tuesday 3|2 Blitz"]
[Site "Chess.com"]
[Date "2017.04.25"]
[Round "8"]
[White "kreonx"]
[Black "MasterLeif"]
[Result "0-1"]
[WhiteElo "2230"]
[BlackElo "2315"]
[TimeControl "180+2"]
[EndTime "14:45:02 PDT"]
[Termination "MasterLeif won by resignation"]

1. e4 Nf6 2. e5 Nd5 3. Nc3 Nxc3 4.
dxc3 d6 5. Bc4 Nc6 6. Nf3 dxe5 7. Qxd8+ Nxd8 8. Nxe5 Be6 9. Bf4 f6 10. Bxe6 fxe5 11.
Bxe5 Nxe6 12. O-O-O Rd8 13. Rde1 Kf7 14. f4 Rd7 15. f5 Nd8 16. Rd1 Ke8 17. Rde1 Nc6 18. Bf4 g6 19. f6 Kf7 20. fxe7 Bxe7 21. Rhf1 Kg7 22. Re6 Rf8 23. Rxe7+ Rxe7 24. Bh6+ Kxh6 25. Rxf8 Kg7 26. Rf2 Ne5 27. h3 h5 28. b3 h4 29.
c4 c5 30. a3 g5 31. Kb2 Kg6 32. Kc3 Nc6 33. Kd2 Nd4 34. Kc3 Re2 35. Rf8 Rxc2+ 36. Kd3 Rxg2 37. b4 Ne6 38. Rg8+ Kf7 39. Rb8 Rg3+ 40.
Ke4 Rxa3 41. Rxb7+ Kf6 42. Kd5 cxb4 43. c5 Nxc5 44.
Kxc5 Rxh3 45. Rxb4 Rd3 46. Kc4 Rd7 47. Rb8 Kf5 48.
Rh8 Kg4 49. Rh7 Rxh7 0-1

[Event "*** Qualifier 4: Titled Tuesday 3|2 Blitz"]
[Site "Chess.com"]
[Date "2017.04.25"]
[Round "8"]
[White "XDPS"]
[Black "abubakrtagelsir"]
[Result "0-1"]
[WhiteElo "2511"]
[BlackElo "2163"]
[TimeControl "180+2"]
[EndTime "14:45:10 PDT"]
[Termination "abubakrtagelsir won by resignation"]

1. e4 d6 2. d4 Nf6 3. Nc3 g6 4. Nf3 Bg7 5. Be2 O-O 6. O-O Bg4 7. Re1 Nc6 8. d5 Nb8 9. h3 Bxf3 10. Bxf3 a5 11. Bf4 Nfd7 12. Qd2 Na6 13. a3 Ne5 14. Be2 Nc5 15. Bg3 a4 16. f4 Ned7 17. Bf3 c6 18. e5 Qb6 19. Kh1 Rad8 20. Rab1 e6 21. dxc6 bxc6 22. exd6 Nf6 23. Bf2 Qa5 24. Qd4 Nfe4 25. Rxe4 Bxd4 26. Rxd4 Nb7 27. Ne4 f5 28. Ng5 Rxd6 29.
Rb4 Nc5 30. Re1 h6 31. Bxc5 Qxc5 32. Nxe6 Qf2 33. Re5 Re8 34. Nc7 Rxe5 35. fxe5 Qe1+ 36. Kh2 Qxe5+ 37. Kg1 Rd8 38. Na6 Qe3+ 39. Kh2 c5 40. Rxa4 Qe5+ 41. Kg1 Rd4 42. Ra5 Qe1+ 43. Kh2 Qxa5 44.
c3 Rd2 45. Nb8 Rxb2 46. Nc6 Qc7+ 47. Kg1 Qg3 48. Ne7+ Kh7 0-1

[Event "*** Qualifier 4: Titled Tuesday 3|2 Blitz"]
[Site "Chess.com"]
[Date "2017.04.25"]
[Round "8"]
[White "GrigorGrigorov"]
[Black "severomorskij"]
[Result "1-0"]
[WhiteElo "2538"]
[BlackElo "2662"]
[TimeControl "180+2"]
[EndTime "14:45:13 PDT"]
[Termination "GrigorGrigorov won on time"]

1. d4 Nf6 2. c4 e6 3. Nc3 Bb4 4. e3 b6 5. Ne2 Ne4 6. Bd2 Nxd2 7.
Qxd2 O-O 8. a3 Be7 9. Nf4 d6 10. Bd3 c6 11. O-O e5 12. Nfe2 f5 13. b4 Nd7 14. b5 Bb7 15. a4 g6 16. Bc2 Nf6 17. Bb3 Kh8 18. Rfd1 Qe8 19. a5 bxa5 20. Rxa5 Bd8 21.
Ra2 Bb6 22. bxc6 Qxc6 23. Nd5 Nxd5 24. cxd5 Qb5 25. Rb1 Rac8 26. dxe5 dxe5 27. Qb2 Rfe8 28. Nf4 Qb4 29. Ne6 Qc3 30. Qa3 f4 31. Rc2 Qd3 32. Qb2 Qf5 33. Nxf4 Rxc2 34. Bxc2 Qf6 35. Bb3 Bc8 36.
Ne6 a5 37. h3 Bd7 38. Ba2 Ba7 39. Qb7 1-0

[Event "*** Qualifier 4: Titled Tuesday 3|2 Blitz"]
[Site "Chess.com"]
[Date "2017.04.25"]
[Round "8"]
[White "pawnwonder"]
[Black "arna"]
[Result "1/2-1/2"]
[WhiteElo "1851"]
[BlackElo "2064"]
[TimeControl "180+2"]
[EndTime "14:45:15 PDT"]
[Termination "Game drawn by agreement"]

1. e4 c5 2. Nf3 Nc6 3. Bb5 g6 4.
Bxc6 dxc6 5. O-O Bg7 6. Re1 Nf6 7.
h3 O-O 8. d3 Ne8 9. Be3 b6 10.
Nc3 Nc7 11. a4 a5 12. Rb1 e5 13. Ne2 Ne6 14. Ng3 h6 15. Nf1 Ba6 16. N1d2 Nd4 17.
Nc4 Qc7 18. c3 Nxf3+ 19. Qxf3 Rad8 20. Rbd1 Rd7 21. Qg3 g5 22. h4 f6 23. hxg5 fxg5 24. Qg4 Re7 25. g3 Bc8 26. Qe2 Rd8 27. Kg2 Be6 28. Rh1 Red7 29. Rd2 Bxc4 30. dxc4 Rxd2 31. Bxd2 Qd6 32. Be3 Qd3 33. Qxd3 Rxd3 34. Re1 Kf7 35. Kf3 Kg6 36. Ke2 Rd7 37. g4 Bf8 38. Rd1 Rxd1 39. Kxd1 h5 40. gxh5+ Kxh5 41. Ke2 Kg4 42. f3+ Kh4 43.
Bf2+ Kh5 44. Bg3 Bd6 45. Kf2 g4 46. fxg4+ Kxg4 47. Kg2 1/2-1/2

[Event "*** Qualifier 4: Titled Tuesday 3|2 Blitz"]
[Site "Chess.com"]
[Date "2017.04.25"]
[Round "8"]
[White "underdogchss"]
[Black "Oneofmyturns"]
[Result "0-1"]
[WhiteElo "2395"]
[BlackElo "2516"]
[TimeControl "180+2"]
[EndTime "14:45:24 PDT"]
[Termination "Oneofmyturns won by resignation"]

1. d4 Nf6 2. Nf3 d5 3. c4 e6 4. Nc3 a6 5. cxd5 exd5 6. Bf4 Be6 7. e3 Nbd7 8. Bd3 Be7 9. h3 O-O 10. Ng5 c5 11. O-O b5 12. dxc5 Nxc5 13. Nxe6 Nxe6 14.
Be5 Bd6 15. Bxf6 Qxf6 16. Nxd5 Qe5 17. f4 Qxb2 18. Rb1 Qa3 19. Rb3 Qc5 20. Rc3 Qa7 21. Rc6 Bxf4 22. Qh5 Bxe3+ 23. Kh1 Bh6 24. Nf6+ Kh8 25.
Nxh7 Rfd8 26. Be4 Qe3 27. Rxe6 fxe6 28. Bxa8 Rxa8 29. Nf8 Qd3 30. Rf3 Qd1+ 31. Kh2 Qd6+ 32.
Kh1 Rxf8 33. Rxf8+ Qxf8 34. Qe2 Qf5 35. a3 e5 36. Qd1 e4 37. Qe2 e3 38. Qd1 Qe4 39. Qe2 Bf4 40. Qh5+ Kg8 41. Qe2 Qb1+ 0-1

[Event "*** Qualifier 4: Titled Tuesday 3|2 Blitz"]
[Site "Chess.com"]
[Date "2017.04.25"]
[Round "8"]
[White "tigra"]
[Black "AkshatChandra"]
[Result "0-1"]
[WhiteElo "2600"]
[BlackElo "2684"]
[TimeControl "180+2"]
[EndTime "14:45:27 PDT"]
[Termination "AkshatChandra won by resignation"]

1. e4 e6 2. d4 d5 3. Nc3 Nf6 4.
Bg5 dxe4 5. Nxe4 Be7 6. Bxf6 gxf6 7. Nf3 f5 8. Nc3 a6 9. g3 b5 10. Bg2 Bb7 11. O-O c5 12. a4 b4 13. Ne2 Nd7 14.
Nf4 Nf6 15. c3 bxc3 16. bxc3 O-O 17. Ne5 Bxg2 18. Kxg2 Rc8 19. Qf3 cxd4 20. Nc6 Qd7 21. Nxe7+ Qxe7 22. cxd4 Rfd8 23. Rfd1 Rc2 24. Qb3 Qc7 25.
Rd3 Ne4 26. Rf1 Rb8 27. Qa3 Rbb2 28. Nh3 Qc6 29. d5 Qb7 30. Rd4 e5 31. Rdd1 Rc3 32. Qa1 Nd6 33. Kg1 Rcc2 34. Rb1 Nc4 35. Rxb2 Rxb2 36.
Rd1 Nd2 37. Qc1 Qxd5 38. Ng5 Qb3 39. Qc8+ Kg7 40. Rxd2 Rxd2 41. Qxf5 Rd1+ 42. Kg2 Qd5+ 43. f3 Qd2+ 44. Kh3 Qd7 45. Kg4 Rd4+ 0-1